 Dungeon Crawl Stone Soup version 0.22-a0-265-g0d8bc90 (webtiles) character file.

126 JeffiDaFish the Firebug (level 5, -1/28 HPs)
             Began as a Tengu Fire Elementalist on Mar 7, 2018.
             Slain by an orc
             ... wielding a +0 flail
              (9 damage)
             ... on level 2 of the Dungeon.
             The game lasted 00:08:29 (3299 turns).

JeffiDaFish the Firebug (Tengu Fire Elementalist)   Turns: 3299, Time: 00:08:30

Health: -1/28      AC:  3    Str:  8    XL:     5   Next: 10%
Magic:  6/10       EV: 13    Int: 19    God:
Gold:   116        SH:  0    Dex: 14    Spells: 5/9 levels left

rFire    . . .     SeeInvis .   g - +1 dagger (holy)
rCold    . . .     Gourm    .   (no shield)
rNeg     . . .     Faith    .   a - +0 robe
rPois    .         Spirit   .   (helmet restricted)
rElec    .         Reflect  .   (no cloak)
rCorr    .         Harm     .   d - +0 pair of gloves
MR       .....                  (boots unavailable)
Stlth    +++.......             (no amulet)
HPRegen  0.09/turn              e - +2 ring of intelligence
MPRegen  0.12/turn              j - ring of stealth

@: very slightly contaminated
A: beak, talons 3, able to fly 1
a: Fly


You were on level 2 of the Dungeon.
You were hungry.

You visited 1 branch of the dungeon, and saw 3 of its levels.

You collected 116 gold pieces.

Inventory:

Hand Weapons
 g - a +1 dagger of holy wrath (weapon)
Armour
 a - a +0 robe (worn)
 d - a +0 pair of gloves (worn)
Jewellery
 e - a +2 ring of intelligence (left hand)
 j - a ring of stealth (right hand)
Scrolls
 b - a scroll of fog
 f - a scroll of teleportation
 h - 2 scrolls of identify
 i - 2 scrolls of fear
 l - a scroll of blinking
Comestibles
 c - 5 rations
 k - 4 chunks of flesh


   Skills:
 + Level 2.9 Dodging
 - Level 2.1 Stealth
 * Level 2.9 Spellcasting
 * Level 3.2 Conjurations
 * Level 4.4 Fire Magic


You had 5 spell levels left.
You knew the following spells:

 Your Spells              Type           Power        Failure   Level  Hunger
a - Flame Tongue          Conj/Fire      ###..        3%          1    None
b - Conjure Flame         Conj/Fire      ###.....     10%         3    ###....


Dungeon Overview and Level Annotations

Branches:
Dungeon (3/15)

Altars:

Annotations:
D:3 pigah's ghost, amateur DrFE


Innate Abilities, Weirdness & Mutations

You have a beak for a mouth.
You have claws for feet.
You can fly.


Message History

The flame tongue hits pigah's ghost.
Pigah's ghost appears unharmed.
Pigah's ghost hits you.
Casting: Flame Tongue (safe; 3% risk of failure)
Confirm with . or Enter, or press ? or * to list all spells.
Aiming: Flame Tongue (safe; 3% risk of failure)
Press: ? - help, Shift-Dir - straight line, f/p - pigah's ghost
Aim: pigah's ghost The flame tongue hits pigah's ghost.
Pigah's ghost is lightly damaged.
Pigah's ghost hits you. The orc barely misses you. Pigah's ghost hits you.
You climb upwards.
There is a stone staircase leading down here.
You hit the orc but do no damage. You claw the orc, but do no damage.
The orc hits you with a flail!
* * * LOW HITPOINT WARNING * * *
You hit the orc.
The orc is heavily wounded.
The orc hits you with a flail!
You die...

..................##.#.## #.#
.#####....#.....####...####.#
.# #....###...............#
.# #....# #...####...######
.# #....###....###.#.## .#
#...........##.###.## .#
#.######....#.#####.#
.#####.# #....o.#.#.#...#
.......# #.....@....#..##
.......####.....######.##
.......#...........###.##
.......#.##.............#
.......#.##.............#
.......#.##.............#
.......#.##.............#
.......#.#######........#
######.#.# #........#


You could see an orc.

Vanquished Creatures
  An orc priest (D:3)
  4 adders
  4 dart slugs
  3 leopard geckos
  5 orcs (D:3)
  3 giant cockroaches (D:1)
  7 goblins
  3 hobgoblins
  4 kobolds
  A quokka (D:2)
  5 bats
  3 frilled lizards
  5 rats
48 creatures vanquished.

Notes
Turn   | Place    | Note
-------+----------+-------------------------------------------
     0 | D:1      | JeffiDaFish the Tengu Fire Elementalist began the quest for the Orb.
     0 | D:1      | Reached XP level 1. HP: 10/10 MP: 4/4
   632 | D:1      | Reached XP level 2. HP: 9/15 MP: 6/6
  1587 | D:2      | Reached XP level 3. HP: 19/19 MP: 3/7
  2450 | D:2      | Reached skill level 4 in Fire Magic
  2575 | D:2      | Learned a level 3 spell: Conjure Flame
  2634 | D:2      | Reached XP level 4. HP: 24/24 MP: 5/8
  3258 | D:3      | Gained mutation: You can fly. [Tengu growth]
  3258 | D:3      | Reached XP level 5. HP: 28/28 MP: 7/10
  3279 | D:3      | Noticed pigah's ghost (amateur DrFE)
  3299 | D:2      | Slain by an orc

Vault maps used:
D:1:      dpeg_arrival_signposts, solitary_fountain,
          minmay_misc_feat_more_columns, minmay_misc_feat_columns, minivault_27,
          minmay_misc_feat_doors
D:2:      hex_intersection
D:3:      lemuel_doored_altar, portal_sewer_entry_a, columned_hall_lemuel

Skill      XL: |  1  2  3  4 |
---------------+-------------+-----
Conjurations   | 2 3 |  3.2
Fire Magic     | 4 |  4.4
Dodging        | |  2.9
Stealth        | |  2.1
Spellcasting   | |  2.9

Action                   |  1- 3 |  4- 6 || total
-------------------------+-------+-------++-------
Melee: Dagger            |    58 |    37 ||    95
       Peck              |     9 |     4 ||    13
       Kick              |    11 |    11 ||    22
       Unarmed           |     1 |       ||     1
 Cast: Flame Tongue      |    24 |    25 ||    49
  Use: Scroll            |     6 |       ||     6
       Potion            |     2 |     2 ||     4
 Stab: Sleeping          |     2 |     3 ||     5
  Eat: Chunk             |     5 |     2 ||     7
Armor: Robe              |    17 |    10 ||    27
Dodge: Dodged            |    56 |    29 ||    85

Table legend:
 A = Spawn XP
 B = Non-spawn XP
 C = Spawn XP percentage of total XP
 D = Spawn monster count
 E = Non-spawn monster count
 F = Spawn count percentage of total count
 G = Total turns spent on level
                    A         B        C        D         E        F      G
               +---------+---------+-------+---------+---------+-------+---------
         Total |       0 |     181 |   0.0 |       0 |      48 |   0.0 |  3299
               +---------+---------+-------+---------+---------+-------+---------
           D:1 |       0 |      32 |   0.0 |       0 |      18 |   0.0 |  1583
           D:2 |       0 |      68 |   0.0 |       0 |      17 |   0.0 |  1390
           D:3 |       0 |      81 |   0.0 |       0 |      13 |   0.0 |   326
               +---------+---------+-------+---------+---------+-------+---------
